SL
THUNDER BAY NORTHERN LIONS BC @ LAS VEGAS FLAMINGOS
07/25/2041
 
TOP OF THE 1ST
Thunder Bay Northern Lions BC batting - Pitching for Las Vegas Flamingos : LHP Isaaka Ienimea
Pitching: LHP Isaaka Ienimea
Batting: RHB Charles Josse 0-0: Foul Ball, location: 2F
0-1: Ground out 5-3 (Groundball, 56, EV 78.8 MPH)
Batting: LHB Yao-pang Chiang 0-0: Swinging Strike
0-1: Ball
1-1: Swinging Strike
1-2: Ball
2-2: Ball
3-2: Strikes out swinging
Batting: LHB Keaton Kringlen 0-0: Called Strike
0-1: DOUBLE (Flyball, 89D, EV 94.4 MPH)
Batting: RHB Domingo Altamiraño 0-0: Ball
1-0: SINGLE (Line Drive, 9S, EV 88.8 MPH)
Keaton Kringlen to third
Runner from 3rd tries for Home, SAFE, no throw by RF
Batting: LHB Ramón Padilla 0-0: Ball
1-0: Foul Ball, location: 2F
1-1: Ball
2-1: Ball
3-1: Foul Ball, location: 2F
3-2: Strikes out swinging
Top of the 1st over - 1 run, 2 hits, 0 errors, 1 left on base; Thunder Bay 1 - Las Vegas 0
BOTTOM OF THE 1ST
Las Vegas Flamingos batting - Pitching for Thunder Bay Northern Lions BC : RHP Jean-Marie Beck
Pitching: RHP Jean-Marie Beck
Batting: LHB Dirk Horwedel 0-0: Ball
1-0: Called Strike
1-1: Ball
2-1: TRIPLE (Groundball, 3L, EV 108.1 MPH)
Batting: LHB Cisco Hernández 0-0: SINGLE (Line Drive, 8RS, EV 100.0 MPH)
Dirk Horwedel scores
Batting: LHB Chan-ho Shinn 0-0: Swinging Strike
0-1: Ball
1-1: Swinging Strike
1-2: Ball
2-2: Foul Ball, location: 2F
2-2: 2-RUN HOME RUN (Flyball, 9D, EV 98.1 MPH), Distance : 375 ft
Batting: LHB Lewis N. Clark 0-0: Ball
1-0: Ball
2-0: Ball
3-0: Called Strike
3-1: Foul Ball, location: 2F
3-2: Foul Ball, location: 2F
3-2: SOLO HOME RUN (Flyball, 9D, EV 100.0 MPH), Distance : 381 ft
Batting: LHB Joo-Chan Park 0-0: Called Strike
0-1: Foul Ball, location: 2F
0-2: Ball
1-2: Ball
2-2: Foul Ball, location: 2F
2-2: Strikes out swinging
Batting: RHB Samual Kingman 0-0: Ball
1-0: Called Strike
1-1: Swinging Strike
1-2: Foul Ball, location: 2F
1-2: Ball
2-2: SINGLE (Groundball, 6D, EV 103.1 MPH)
Batting: LHB Adrián Gómez 0-0: Ball
1-0: Ball
2-0: Foul Ball, location: 2F
2-1: Called Strike
2-2: Ball
3-2: Foul Ball, location: 2F
3-2: Fly out, F9 (Line Drive, 9, EV 103.1 MPH)
Batting: RHB Sake van Arem 0-0: Ground out 5-3 (Groundball, 56, EV 102.5 MPH)
Bottom of the 1st over - 4 runs, 5 hits, 0 errors, 1 left on base; Thunder Bay 1 - Las Vegas 4
TOP OF THE 2ND
Thunder Bay Northern Lions BC batting - Pitching for Las Vegas Flamingos : LHP Isaaka Ienimea
Batting: RHB Dragoljub Kandic 0-0: Called Strike
0-1: Ball
1-1: Foul Ball, location: 2F
1-2: SINGLE (Groundball, 56D, EV 106.2 MPH)
Batting: RHB Griffin Woodfinlevine 0-0: Called Strike
0-1: Fly out, F8 (Flyball, 8LD, EV 98.8 MPH)
Batting: SHB Takeshi Kovacs 0-0: Ball
1-0: Swinging Strike
1-1: Ball
2-1: Foul Ball, location: 2F
2-2: Foul Ball, location: 2F
2-2: Ball
3-2: Fly out, F7 (Flyball, 7S, EV 85.6 MPH)
Batting: LHB Sébastien Cornu 0-0: Foul Ball, location: 2F
0-1: Swinging Strike
0-2: Foul Ball, location: 2F
0-2: Ball
1-2: Strikes out swinging
Top of the 2nd over - 0 runs, 1 hit, 0 errors, 1 left on base; Thunder Bay 1 - Las Vegas 4
BOTTOM OF THE 2ND
Las Vegas Flamingos batting - Pitching for Thunder Bay Northern Lions BC : RHP Jean-Marie Beck
Batting: RHB Esteban León 0-0: Ground out 4-3 (Groundball, 34, EV 91.2 MPH)
Batting: LHB Dirk Horwedel 0-0: Ball
1-0: Called Strike
1-1: Ball
2-1: Fly out, F9 (Flyball, 9LS, EV 88.8 MPH)
Batting: LHB Cisco Hernández 0-0: Ball
1-0: Swinging Strike
1-1: Ball
2-1: Ground out 6-3 (Groundball, 6, EV 80.6 MPH)
Bottom of the 2nd over - 0 runs, 0 hits, 0 errors, 0 left on base; Thunder Bay 1 - Las Vegas 4
TOP OF THE 3RD
Thunder Bay Northern Lions BC batting - Pitching for Las Vegas Flamingos : LHP Isaaka Ienimea
Batting: RHB Charles Josse 0-0: Foul Ball, location: 2F
0-1: Ball
1-1: Ball
2-1: Foul Ball, location: 2F
2-2: Ball
3-2: SINGLE (Line Drive, 89S, EV 98.1 MPH)
Batting: LHB Yao-pang Chiang 0-0: Called Strike
0-1: Ball
1-1: Ball
2-1: Grounds into double play, 6-4-3 (Groundball, 6, EV 103.8 MPH)
Batting: LHB Keaton Kringlen 0-0: SINGLE (Flyball, 3D, EV 89.4 MPH)
Batting: RHB Domingo Altamiraño 0-0: Ball
1-0: Ball
2-0: Ball
3-0: Called Strike
3-1: Fly out, F9 (Flyball, 89S, EV 76.9 MPH)
Top of the 3rd over - 0 runs, 2 hits, 0 errors, 1 left on base; Thunder Bay 1 - Las Vegas 4
BOTTOM OF THE 3RD
Las Vegas Flamingos batting - Pitching for Thunder Bay Northern Lions BC : RHP Jean-Marie Beck
Batting: LHB Chan-ho Shinn 0-0: Ball
1-0: Foul Ball, location: 2F
1-1: Swinging Strike
1-2: Foul Ball, location: 2F
1-2: Ground out 3-1 (Groundball, 3D, EV 87.5 MPH)
Batting: LHB Lewis N. Clark 0-0: Ball
1-0: Ball
2-0: Fly out, F9 (Flyball, 9S, EV 85.6 MPH)
Batting: LHB Joo-Chan Park 0-0: SINGLE (Groundball, 4D, EV 101.2 MPH)
Batting: RHB Samual Kingman 0-0: Called Strike
0-1: Foul Ball, location: 2F
0-2: Ball
1-2: Foul Ball, location: 2F
1-2: Ball
2-2: Ball
3-2: Fly out, F8 (Line Drive, 8RM, EV 106.2 MPH)
Bottom of the 3rd over - 0 runs, 1 hit, 0 errors, 1 left on base; Thunder Bay 1 - Las Vegas 4
TOP OF THE 4TH
Thunder Bay Northern Lions BC batting - Pitching for Las Vegas Flamingos : LHP Isaaka Ienimea
Batting: LHB Ramón Padilla 0-0: Ball
1-0: Ball
2-0: Called Strike
2-1: Ball
3-1: Base on Balls
Batting: RHB Dragoljub Kandic 0-0: Ball
1-0: Foul Ball, location: 2F
1-1: Foul Ball, location: 2F
1-2: Foul Ball, location: 2F
1-2: Ball
2-2: SINGLE (Line Drive, 6MD, EV 100.0 MPH)
Ramón Padilla to second
Batting: RHB Griffin Woodfinlevine 0-0: Called Strike
0-1: Swinging Strike
0-2: Foul Ball, location: 2F
0-2: Ball
1-2: Ball
2-2: Ball
3-2: Fielders Choice at 2nd, 1-6 (Groundball, 34S, EV 86.2 MPH)
Ramón Padilla to third
Batting: SHB Takeshi Kovacs 0-0: Called Strike
0-1: Fly out, F8 (Flyball, 8LD, EV 82.5 MPH)
Runner from 3rd tags up, SCORES, throw by CF
Batting: LHB Sébastien Cornu 0-0: Called Strike
0-1: Ball
1-1: Ball
2-1: Fly out, F7 (Flyball, 7, EV 73.1 MPH)
Top of the 4th over - 1 run, 1 hit, 0 errors, 1 left on base; Thunder Bay 2 - Las Vegas 4
BOTTOM OF THE 4TH
Las Vegas Flamingos batting - Pitching for Thunder Bay Northern Lions BC : RHP Jean-Marie Beck
Batting: LHB Adrián Gómez 0-0: Foul Ball, location: 2F
0-1: Called Strike
0-2: Ball
1-2: Strikes out swinging
Batting: RHB Sake van Arem 0-0: Ball
1-0: Ball
2-0: Called Strike
2-1: SINGLE (Line Drive, 7S, EV 94.4 MPH)
Batting: RHB Esteban León 0-0: Ball
1-0: SINGLE (Flyball, 6D, EV 88.8 MPH)
Sake van Arem to second
Batting: LHB Dirk Horwedel 0-0: Ball
1-0: Fielders Choice at 2nd, 6-4 (Groundball, 6M, EV 105.0 MPH)
Sake van Arem to third
Batting: LHB Cisco Hernández 0-0: Ground out 4-3 (Groundball, 34, EV 88.8 MPH)
Bottom of the 4th over - 0 runs, 2 hits, 0 errors, 2 left on base; Thunder Bay 2 - Las Vegas 4
TOP OF THE 5TH
Thunder Bay Northern Lions BC batting - Pitching for Las Vegas Flamingos : LHP Isaaka Ienimea
Batting: RHB Charles Josse 0-0: Swinging Strike
0-1: Ball
1-1: Ball
2-1: Ball
3-1: Base on Balls
Batting: LHB Yao-pang Chiang 0-0: Foul Ball, location: 2F
0-1: Ball
1-1: Ball
2-1: Ball
3-1: Called Strike
3-2: Foul Ball, location: 2F
3-2: Strikes out swinging
Charles Josse steals 2nd base (no throw)
Batter strikes out.
Batting: LHB Keaton Kringlen 0-0: Ball
Charles Josse is caught stealing 3rd base 2-5
1-0: Ball
2-0: DOUBLE (Line Drive, 7LS, EV 95.0 MPH)
Batting: RHB Domingo Altamiraño 0-0: Ball
1-0: Called Strike
1-1: Ball
2-1: Fly out, F8 (Flyball, 8LD, EV 91.9 MPH)
Top of the 5th over - 0 runs, 1 hit, 0 errors, 1 left on base; Thunder Bay 2 - Las Vegas 4
BOTTOM OF THE 5TH
Las Vegas Flamingos batting - Pitching for Thunder Bay Northern Lions BC : RHP Jean-Marie Beck
Batting: LHB Chan-ho Shinn 0-0: Ball
1-0: Called Strike
1-1: Ball
2-1: Ground out 4-3 (Groundball, 34, EV 99.4 MPH)
Batting: LHB Lewis N. Clark 0-0: Foul Ball, location: 2F
0-1: Ball
1-1: Foul Ball, location: 2F
1-2: Ball
2-2: Foul Ball, location: 2F
2-2: SOLO HOME RUN (Flyball, 9D, EV 101.2 MPH), Distance : 418 ft
Pitching: RHP Ralph DePalma
Batting: LHB Joo-Chan Park 0-0: Ball
1-0: Ball
2-0: SINGLE (Groundball, 4MD, EV 98.1 MPH)
Batting: RHB Samual Kingman 0-0: Called Strike
0-1: Ball
1-1: Grounds into double play, 1-6-3 (Groundball, 23, EV 86.9 MPH)
Bottom of the 5th over - 1 run, 2 hits, 0 errors, 0 left on base; Thunder Bay 2 - Las Vegas 5
TOP OF THE 6TH
Thunder Bay Northern Lions BC batting - Pitching for Las Vegas Flamingos : LHP Isaaka Ienimea
Batting: LHB Ramón Padilla 0-0: Foul Ball, location: 2F
0-1: Foul Ball, location: 2F
0-2: Ball
1-2: Fly out, F7 (Flyball, 7S, EV 91.9 MPH)
Batting: RHB Dragoljub Kandic 0-0: Reached on error, E8 (Flyball, 8RXD, EV 80.0 MPH)
Pitching: RHP Yoshii Ikeda
Batting: RHB Griffin Woodfinlevine 0-0: Called Strike
0-1: Called Strike
0-2: Ball
1-2: Foul Ball, location: 2F
1-2: Grounds into double play, 6-4-3 (Groundball, 6, EV 95.6 MPH)
Top of the 6th over - 0 runs, 0 hits, 1 error, 0 left on base; Thunder Bay 2 - Las Vegas 5
BOTTOM OF THE 6TH
Las Vegas Flamingos batting - Pitching for Thunder Bay Northern Lions BC : RHP Ralph DePalma
Batting: LHB Adrián Gómez 0-0: Swinging Strike
0-1: Ball
1-1: Ball
2-1: Called Strike
2-2: SINGLE (Line Drive, 9LS, EV 101.9 MPH)
Batting: RHB Sake van Arem 0-0: Ball
1-0: Sac Bunt to P - play at first, batter OUT! 1-3
Adrián Gómez to second
Batting: RHB Esteban León 0-0: Ball
1-0: Swinging Strike
1-1: Ground out 5-3 (Groundball, 56, EV 80.0 MPH)
Batting: LHB Dirk Horwedel 0-0: Ball
1-0: 2-RUN HOME RUN (Line Drive, 8RXD, EV 103.1 MPH), Distance : 456 ft
Batting: LHB Cisco Hernández 0-0: Swinging Strike
0-1: Swinging Strike
0-2: Hit by Pitch
Batting: LHB Chan-ho Shinn 0-0: Called Strike
0-1: Ball
1-1: Ball
2-1: Foul Ball, location: 2F
2-2: Foul Ball, location: 2F
2-2: Ball
3-2: Base on Balls
Cisco Hernández to second
Batting: LHB Lewis N. Clark 0-0: Called Strike
0-1: Ball
1-1: Foul Ball, location: 2F
1-2: Foul Ball, location: 2F
1-2: Ball
2-2: Ball
3-2: Base on Balls
Cisco Hernández to third
Chan-ho Shinn to second
Batting: LHB Joo-Chan Park 0-0: Ball
Wild Pitch!
Cisco Hernández scores
Chan-ho Shinn to third
Lewis N. Clark to second
1-0: Ground out 6-3 (Groundball, 6, EV 106.9 MPH)
Bottom of the 6th over - 3 runs, 2 hits, 0 errors, 2 left on base; Thunder Bay 2 - Las Vegas 8
TOP OF THE 7TH
Thunder Bay Northern Lions BC batting - Pitching for Las Vegas Flamingos : RHP Yoshii Ikeda
Batting: SHB Takeshi Kovacs 0-0: Called Strike
0-1: Swinging Strike
0-2: Ball
1-2: Ball
2-2: Ball
3-2: Foul Ball, location: 2F
3-2: Base on Balls
Batting: LHB Sébastien Cornu 0-0: Foul Ball, location: 2F
0-1: Ball
1-1: Called Strike
1-2: Strikes out swinging
Batting: RHB Charles Josse 0-0: Called Strike
0-1: Foul Ball, location: 2F
0-2: Foul Ball, location: 2F
0-2: Ball
Takeshi Kovacs steals 2nd base
1-2: Ball
2-2: SINGLE (Groundball, 4D, EV 96.2 MPH)
Takeshi Kovacs to third
Runner from 3rd tries for Home, SAFE, throw by RF to home
Batting: LHB Yao-pang Chiang 0-0: Called Strike
0-1: Called Strike
0-2: Foul Ball, location: 2F
0-2: Foul Ball, location: 2F
0-2: Ball
Charles Josse steals 2nd base (no throw)
1-2: Ball
2-2: Strikes out swinging
Batting: LHB Keaton Kringlen 0-0: Fly out, F8 (Flyball, 8LS, EV 93.8 MPH)
Top of the 7th over - 1 run, 1 hit, 0 errors, 1 left on base; Thunder Bay 3 - Las Vegas 8
BOTTOM OF THE 7TH
Las Vegas Flamingos batting - Pitching for Thunder Bay Northern Lions BC : RHP Ralph DePalma
Batting: RHB Samual Kingman 0-0: Foul Ball, location: 2F
0-1: Ball
1-1: Foul Ball, location: 2F
1-2: Ball
2-2: Strikes out swinging
Batting: LHB Adrián Gómez 0-0: Fly out, F9 (Flyball, 89S, EV 85.0 MPH)
Batting: RHB Sake van Arem 0-0: Ball
1-0: DOUBLE (Line Drive, 7LD, EV 103.8 MPH)
Batting: RHB Esteban León 0-0: Ball
1-0: Called Strike
1-1: Foul Ball, location: 2F
1-2: Ball
2-2: Ground out 5-3 (Groundball, 56S, EV 70.6 MPH)
Bottom of the 7th over - 0 runs, 1 hit, 0 errors, 1 left on base; Thunder Bay 3 - Las Vegas 8
TOP OF THE 8TH
Thunder Bay Northern Lions BC batting - Pitching for Las Vegas Flamingos : RHP Yoshii Ikeda
Batting: RHB Domingo Altamiraño 0-0: Fly out, F4 (Line Drive, 4, EV 76.9 MPH)
Batting: LHB Ramón Padilla 0-0: SINGLE (Groundball, 34S, EV 88.1 MPH) (infield hit)
Batting: RHB Dragoljub Kandic 0-0: Ball
1-0: Ball
2-0: Swinging Strike
2-1: Foul Ball, location: 2F
2-2: Foul Ball, location: 2F
2-2: Ball
3-2: Strikes out looking
Ramón Padilla steals 2nd base
Batter strikes out.
Batting: RHB Griffin Woodfinlevine 0-0: Fly out, F7 (Flyball, 7LM, EV 80.6 MPH)
Top of the 8th over - 0 runs, 1 hit, 0 errors, 1 left on base; Thunder Bay 3 - Las Vegas 8
BOTTOM OF THE 8TH
Las Vegas Flamingos batting - Pitching for Thunder Bay Northern Lions BC : RHP Ralph DePalma
Batting: LHB Dirk Horwedel 0-0: Ball
1-0: Foul Ball, location: 2F
1-1: Ball
2-1: DOUBLE (Line Drive, 89D, EV 111.9 MPH)
Pitching: RHP Marnix van Rijn
Batting: LHB Cisco Hernández 0-0: 2-RUN HOME RUN (Flyball, 9D, EV 94.4 MPH), Distance : 393 ft
Batting: LHB Chan-ho Shinn 0-0: Ball
1-0: Ball
2-0: Reached on error, E5 (Groundball, 56, EV 98.8 MPH)
Batting: LHB Lewis N. Clark 0-0: Ball
1-0: Ball
2-0: Ball
3-0: Called Strike
3-1: Base on Balls
Batting: LHB Joo-Chan Park 0-0: Ball
1-0: Ball
2-0: Ball
3-0: Called Strike
3-1: Foul Ball, location: 2F
3-2: SINGLE (Groundball, 4D, EV 108.1 MPH)
Chan-ho Shinn to third
Lewis N. Clark to second
Runner from 3rd tries for Home, SAFE, no throw by RF
Batting: RHB Samual Kingman 0-0: SINGLE (Flyball, 7LM, EV 93.8 MPH)
Lewis N. Clark to third
Joo-Chan Park to second
Batting: LHB Adrián Gómez 0-0: Ball
1-0: Ball
2-0: Called Strike
2-1: Ball
3-1: Foul Ball, location: 2F
3-2: Ground out 4-3 (Groundball, 34D, EV 99.4 MPH)
Lewis N. Clark scores
Joo-Chan Park to third
Samual Kingman to second
Batting: RHB Sake van Arem 0-0: Ball
1-0: Ball
2-0: Called Strike
2-1: Ball
3-1: Called Strike
3-2: Base on Balls
Batting: RHB Esteban León 0-0: Ball
1-0: Called Strike
1-1: Called Strike
1-2: Ball
2-2: Foul Ball, location: 2F
2-2: Strikes out swinging
Batting: LHB Dirk Horwedel 0-0: Foul Ball, location: 2F
0-1: Ball
1-1: Ball
2-1: Ball
3-1: DOUBLE (Flyball, 8RXD, EV 92.5 MPH)
Joo-Chan Park scores
Samual Kingman scores
Sake van Arem to third
Runner from 3rd tries for Home, SAFE, throw by CF to trailing runner, SAFE at third!
Pitching: LHP Mike Hess
Batting: LHB Cisco Hernández 0-0: Ground out 6-3 (Groundball, 6, EV 102.5 MPH)
Bottom of the 8th over - 7 runs, 5 hits, 1 error, 1 left on base; Thunder Bay 3 - Las Vegas 15
TOP OF THE 9TH
Thunder Bay Northern Lions BC batting - Pitching for Las Vegas Flamingos : RHP Yoshii Ikeda
Batting: SHB Takeshi Kovacs 0-0: Called Strike
0-1: Swinging Strike
0-2: Ball
1-2: Foul Ball, location: 2F
1-2: Foul Ball, location: 2F
1-2: Fly out, F9 (Flyball, 9LS, EV 91.9 MPH)
Batting: LHB Sébastien Cornu 0-0: Ball
1-0: Ball
2-0: Ball
3-0: Called Strike
3-1: Base on Balls
Pinch Hitting: RHB John Fuller 0-0: Ball
1-0: Grounds into double play, 5-4-3 (Groundball, 5L, EV 80.6 MPH)
Top of the 9th over - 0 runs, 0 hits, 0 errors, 0 left on base; Thunder Bay 3 - Las Vegas 15
Tuesday, January 5th, 2021 - OOTP Baseball 20.8 Build 74